 Dungeon Crawl Stone Soup version bcrawl-1.27.1d (console) character file.

Game seed: 17267809586476188611

165951 Kagalorn the Skirmisher (level 5, -2/47 HPs)
             Began as a Minotaur Fighter on July 29, 2020.
             Was a Follower of Cheibriados.
             Slain by Robin
             ... wielding a +0 trident
              (4 damage)
             ... on level 4 of the Dungeon.
             The game lasted 00:03:00 (1902 turns).

Kagalorn the Skirmisher (Minotaur Fighter)          Turns: 1902, Time: 00:03:01

Health: -2/47      AC: 11    Str: 24    XL:     5   Next: 5%
Magic:  4/4        EV:  6    Int:  7    God:    Cheibriados [*.....]
Gold:   105        SH: 10    Dex: 11    Spells: 4/4 levels left

rFire    . . .     SeeInvis .   a - +0 war axe
rCold    . . .     Gourm    .   c - +0 medium shield
rNeg     . . .     Faith    .   b - +0 scale mail
rPois    .         Spirit   .   (helmet restricted)
rElec    .         Reflect  .   s - +2 cloak {MR+}
rCorr    .         Harm     .   r - +0 pair of gloves
MR       +....                  (no boots)
Stlth    ..........             (no amulet)
HPRegen  0.15/turn              (no ring)
MPRegen  0.09/turn              (no ring)

@: lethally poisoned (-2 -> -15), very slow
A: retaliatory headbutt, horns 2
a: Bend Time, Renounce Religion


You were on level 4 of the Dungeon.
You worshipped Cheibriados.
Cheibriados was aware of your devotion.
You were hungry.

You visited 1 branch of the dungeon, and saw 4 of its levels.

You collected 105 gold pieces.

Inventory:

Hand Weapons
 a - a +0 war axe (weapon)
Armour
 b - a +0 scale mail (worn)
 c - a +0 medium shield (worn)
 r - a +0 pair of gloves (worn)
 s - a +2 cloak of magic resistance (worn)
Jewellery
 i - an uncursed ring of protection from cold {unknown}
 t - an uncursed ring of protection from cold {unknown}
Scrolls
 f - a scroll of enchant weapon {unknown}
 g - a scroll of teleportation {unknown}
 h - 4 scrolls of identify
 j - 5 scrolls of remove curse {unknown}
 o - a scroll of amnesia {unknown}
 p - a scroll of immolation {unknown}
 v - a scroll of magic mapping {unknown}
Potions
 d - a potion of might
 k - a potion of mutation {unknown}
 l - a potion of resistance {unknown}
 m - a potion of brilliance {unknown}
 n - 2 potions of degeneration {unknown}
 q - 2 potions of curing {unknown}
 u - 2 potions of flight {unknown}
Comestibles
 e - 7 rations {!d}


   Skills:
 + Level 4.4 Fighting
 * Level 4.1 Axes
 + Level 4.2 Armour
 + Level 1.7 Dodging
 + Level 4.2 Shields
 + Level 0.9 Invocations


You had 4 spell levels left.
You didn't know any spells.
Your spell library was empty.

Dungeon Overview and Level Annotations

Branches:
Dungeon (4/12)
 Temple: D:4-7

Altars:
Cheibriados
Ru

Annotations:
D:4 Robin


Innate Abilities, Weirdness & Mutations

You reflexively headbutt those who attack you in melee.
You have a pair of horns on your head.


Message History

You block Robin's attack. The scorpion stings you.
* * * LOW HITPOINT WARNING * * *
You are more poisoned.
The scorpion poisons you!
The orc wizard hits you but does no damage.
No path to travel!
You closely miss the orc wizard.
The orc shouts!
Your headbutt misses the orc wizard. You closely miss the hobgoblin. x2
You barely miss the scorpion. You slash the goblin!
You kill the goblin!
Cheibriados appreciates the change of pace.
Cheibriados slows and strengthens your metabolism.
Cheibriados raises the support of your attributes as your movement slows.
* * * LOW HITPOINT WARNING * * *
You feel sick.
The hobgoblin hits you but does no damage.
The hobgoblin completely misses you.
Robin hits you from afar with a +0 trident.
You die...

.# ####.###
#......
##..... ....!#
#....#
.#####))).#
.....oo@..####
.o....ggs...$#
.#..##g...##.#
... .g###.# .
#..5 .# ....s
.. ..... ..
..... ... ....
...


You could see 2 scorpions, Robin, an orc wizard, a crimson imp, 2 orcs and 3
hobgoblins.

Vanquished Creatures
  Crazy Yiuf (D:2)
  A hound (D:4)
  3 adders
  6 dart slugs
  4 orcs
  A ball python (D:3)
  8 goblins
  7 hobgoblins
  3 kobolds
  A quokka (D:3)
  5 bats
  2 frilled lizards
  2 rats (D:2)
44 creatures vanquished.

Notes
Turn   | Place    | Note
-------+----------+-------------------------------------------
     0 | D:1      | Kagalorn the Minotaur Fighter began the quest for the Orb.
     0 | D:1      | Reached XP level 1. HP: 19/19 MP: 0/0
    71 | D:1      | Reached XP level 2. HP: 22/27 MP: 1/1
   827 | D:2      | Reached skill level 1 in Dodging
   832 | D:2      | Reached XP level 3. HP: 30/33 MP: 2/2
  1053 | D:2      | Found a snail-covered altar of Cheibriados.
  1070 | D:2      | Became a worshipper of Cheibriados the Contemplative
  1087 | D:2      | Found a runed door.
  1245 | D:2      | Noticed Crazy Yiuf
  1253 | D:2      | Killed Crazy Yiuf
  1486 | D:3      | Reached XP level 4. HP: 40/40 MP: 3/3
  1504 | D:3      | Found a sacrificial altar of Ru.
  1894 | D:4      | Noticed Robin
  1900 | D:4      | Reached XP level 5. HP: 15/47 MP: 4/4
  1902 | D:4      | Reached * piety under Cheibriados
  1902 | D:4      | HP: 2/47 [poisoned by a scorpion]
  1902 | D:4      | Slain by Robin

Skill      XL: |  1  2  3  4 |
---------------+-------------+-----
Axes           | 3 4 |  4.1
Dodging        | 1 |  1.7
Fighting       | 4 |  4.4
Armour         | 4 |  4.2
Shields        | 4 |  4.2
Invocations    | |  0.9

Action                   |  1- 3 |  4- 6 || total
-------------------------+-------+-------++-------
Melee: War axe           |    53 |    20 ||    73
       Headbutt          |     9 |     1 ||    10
  Eat: Chunk             |     2 |     3 ||     5
Armor: Scale mail        |    27 |    33 ||    60
Dodge: Dodged            |    15 |    11 ||    26
Block: Medium shield     |    32 |    30 ||    62
